 Dungeon Crawl Stone Soup version 0.25-a0-528-g6b7c999 (webtiles) character file.

Game seed: 10947930772604991417, levelgen mode: deterministic

5179 robertstho the Grappler (level 10, -4/88 HPs)
             Began as a Troll Fighter on Feb 19, 2020.
             Was an Elder of Hepliaklqana.
             Slain by an 11-headed hydra (9 damage)
             ... on level 9 of the Dungeon.
             The game lasted 00:11:32 (6650 turns).

robertstho the Grappler (Troll Fighter)             Turns: 6650, Time: 00:11:35

Health: -4/88      AC:  8    Str: 28    XL:     10   Next: 34%
Magic:  9/9        EV: 11    Int:  5    God:    Hepliaklqana [****..]
Gold:   382        SH: 10    Dex:  9    Spells: 9/9 levels left

rFire    . . .     SeeInvis +     - Unarmed
rCold    + . .     Gourm    +   b - +0 kite shield
rNeg     + . .     Faith    .   a - +0 robe
rPois    .         Spirit   .   (helmet restricted)
rElec    .         Reflect  .   F - +1 cloak
rCorr    .         Harm     .   (gloves unavailable)
MR       .....                  (boots unavailable)
Stlth    +++.......             i - amulet of rage
HPRegen  0.64/turn              E - ring of positive energy
MPRegen  0.11/turn              C - ring "Osydoj" {*Contam rC+ SInv Stlth+}

@: lightly drained
A: large, unfitting armour, reduced essence, claws 3, fast metabolism 3,
gourmand, regeneration 1, shaggy fur 1, tough skin 3
a: Recall Ancestor, Ancestor Identity, Transference, Idealise, Renounce
Religion, Evoke Berserk Rage


You were on level 9 of the Dungeon.
You worshipped Hepliaklqana.
Hepliaklqana was greatly pleased with you.
You were completely stuffed.

You visited 2 branches of the dungeon, and saw 10 of its levels.

You collected 382 gold pieces.

Inventory:

Missiles
 u - 13 large rocks (quivered)
Armour
 a - a +0 robe (worn)
 b - a +0 kite shield (worn)
 F - a +1 cloak (worn)
Jewellery
 i - an amulet of rage (around neck)
 w - an uncursed ring of ice
 C - the ring "Osydoj" (right claw) {*Contam rC+ SInv Stlth+}
   (You found it on level 6 of the Dungeon)

   [ring of stealth]

   It protects you from cold.
   It lets you see invisible.
   It causes magical contamination when unequipped.
   It makes you more stealthy.
 E - a ring of positive energy (left claw)
Wands
 D - a wand of iceblast (16)
 G - a wand of paralysis (4)
Scrolls
 h - 5 scrolls of teleportation
 j - a scroll of magic mapping {unknown}
 k - 3 scrolls of immolation
 p - 3 scrolls of enchant armour {unknown}
 q - 4 scrolls of blinking {unknown}
 r - a scroll of fog {unknown}
 s - a scroll of noise {unknown}
 v - 2 scrolls of amnesia {unknown}
 x - 6 scrolls of identify
 y - a scroll of torment {unknown}
 B - 3 scrolls of remove curse {unknown}
 I - 2 scrolls of fear {unknown}
Potions
 c - a potion of might
 e - 2 potions of lignification
 f - a potion of invisibility {unknown}
 g - 2 potions of brilliance {unknown}
 l - 3 potions of stabbing {unknown}
 m - 3 potions of curing
 n - a potion of ambrosia {unknown}
 o - 3 potions of heal wounds
 z - a potion of degeneration {unknown}
 A - a potion of resistance {unknown}
 H - a potion of cancellation {unknown}
Comestibles
 d - 17 rations
 t - 3 chunks of flesh


   Skills:
 * Level 5.9(5.7) Fighting
 * Level 6.6(6.3) Dodging
 + Level 2.7(2.4) Stealth
 + Level 4.9(4.7) Shields
 + Level 9.8(9.5) Unarmed Combat


You had 9 spell levels left.
You didn't know any spells.
Your spell library contained the following spells:

 Spells                   Type           Power        Failure   Level  Hunger
 Animate Skeleton         Necr           N/A          80%         1    ##.....
 Apportation              Tloc           #.....       80%         1    ##.....
 Corona                   Hex            #......      80%         1    ##.....
 Summon Small Mammal      Summ           #...         80%         1    ##.....


Dungeon Overview and Level Annotations

Branches:
Dungeon (9/15)             Temple (1/1) D:7            Lair (0/6) D:9
    Orc: D:9-12

Altars:
Ashenzari
Cheibriados
Dithmenos
Elyvilon
Fedhas
Gozag
Hepliaklqana
Kikubaaqudgha
Makhleb
Nemelex Xobeh
Okawaru
Qazlal
Ru
Sif Muna
Trog
Uskayaw
Vehumet
Wu Jian
Xom
Yredelemnul
Zin
The Shining One

Shops:
D:6 %

Annotations:
D:7 1 runed translucent door, Wuag's ghost, novice DsAK
D:9 Zdeegee's ghost, novice CeGl


Innate Abilities, Weirdness & Mutations

You are too large for most types of armour.
You have claws for hands.
Your metabolism is lightning-fast.
You like to eat raw meat.
Your natural rate of healing is unusually fast.
You are covered in fur. (AC +1)
You have extremely tough skin. (AC +3)
Your life essence is reduced to manifest your ancestor. (-10% HP)


Message History

Unknown command.
You claw one of the ten-headed hydra's heads off!
The nine-headed hydra grows two more!
You scratch the 11-headed hydra.
The 11-headed hydra is lightly wounded.
The 11-headed hydra bites you. You block the 11-headed hydra's attack.
The 11-headed hydra bites you! You block the 11-headed hydra's attack.
The 11-headed hydra bites you!! You block the 11-headed hydra's attack.
The 11-headed hydra bites you! The 11-headed hydra bites you.
The 11-headed hydra bites you! The 11-headed hydra barely misses you.
The 11-headed hydra closely misses you. Zdeegee's ghost completely misses you.
Kendra hits Zdeegee's ghost with a +0 dagger of draining.
Kendra hits Zdeegee's ghost with a +0 dagger of draining!
You block the 11-headed hydra's attack. The 11-headed hydra bites you. x2
* * * LOW HITPOINT WARNING * * *
The 11-headed hydra bites you!
* * * LOW HITPOINT WARNING * * *
The 11-headed hydra bites you.
* * * LOW HITPOINT WARNING * * *
The 11-headed hydra bites you!
You die...

...........>.#.# #♣$....♣#.# #
.............#.###≈..)..♣#.# #
###...#####......#≈......#.# #
#..)# #..#.####.....#### # #...#
#..#.##.##'''### # #...#
#..#.##........## #
#..<#####..#.##R.>......#
##..............W..#####(#######
#......####.#..@D.....##........
##.####.#
#......##.#.....#######
......#.###..###.##.##.##.#
##.##..).......#>##.......#
##.####.###..#.#[##########
##......#.....#..#
#########.#..###)## #
#####.>#.## ##.## # #.......##
##.#


You could see the friendly Kendra the hexer, a 11-headed hydra and Zdeegee's
ghost.

Vanquished Creatures
  The ghost of robertstho the Grappler, a novice TrMo (D:8)
  Maurice (D:9)
  A steam dragon (D:9)
  A hungry ghost (D:7)
  3 black bears (D:9)
  An eye of draining (D:4)
  5 orc warriors
  An ice beast (D:8)
  A sky beast (D:9)
  7 ogres
  A necrophage (D:8)
  2 centaurs
  A big kobold (D:9)
  2 bullfrogs (D:6)
  3 scorpions
  4 killer bees
  A howler monkey (D:5)
  3 hounds
  6 orc priests
  A hexer (D:9)
  2 iguanas
  9 orc wizards
  8 worker ants
  A hound zombie (D:6)
  3 hound skeletons
  A worker ant zombie (D:7)
  8 adders
  6 gnolls (D:9)
  An adder zombie (D:8)
  An adder skeleton (D:9)
  4 worms
  3 dart slugs
  6 leopard geckos
  35 orcs
  6 bats
  4 giant cockroaches
  7 goblins
  6 hobgoblins
  9 jackals
  12 kobolds
  4 quokkas
  6 frilled lizards
  A leopard gecko zombie (D:7)
  A quokka skeleton (D:4)
  7 rats
197 creatures vanquished.

Vanquished Creatures (collateral kills)
  A phantom (D:8)
  A necrophage (D:6)
  An ogre (D:9)
  Blork the orc (D:6)
  A killer bee (D:9)
  A bullfrog zombie (D:6)
  A hound (D:8)
  An orc wizard (D:9)
  A worker ant (D:5)
  A howler monkey skeleton (D:5)
  5 orcs
  A goblin (D:3)
  5 jackals
  A rat (D:3)
22 creatures vanquished.

Vanquished Creatures (others)
  2 hexers
  An ancestor (D:2)
  6 plants (D:9)
9 creatures vanquished.

Grand Total: 228 creatures vanquished

Notes
Turn   | Place    | Note
-------+----------+-------------------------------------------
     0 | D:1      | robertstho the Troll Fighter began the quest for the Orb.
     0 | D:1      | Reached XP level 1. HP: 22/22 MP: 0/0
   170 | D:1      | Reached XP level 2. HP: 28/29 MP: 1/1
   662 | D:2      | Found a hazy altar of Hepliaklqana.
   685 | D:2      | Became a worshipper of Hepliaklqana the Forgotten
   699 | D:2      | Reached XP level 3. HP: 32/32 MP: 2/2
  1354 | D:2      | Reached * piety under Hepliaklqana
  1584 | D:3      | Found an ancient bone altar of Kikubaaqudgha.
  1726 | D:3      | Reached XP level 4. HP: 29/39 MP: 3/3
  1814 | D:3      | Found a shimmering blue altar of Sif Muna.
  1825 | D:3      | Reached ** piety under Hepliaklqana
  2219 | D:4      | Noticed an eye of draining
  2227 | D:4      | Killed an eye of draining
  2227 | D:4      | Reached skill level 3 in Unarmed Combat
  2227 | D:4      | Reached XP level 5. HP: 47/47 MP: 1/4
  2338 | D:4      | Noticed an ogre
  2344 | D:4      | Killed an ogre
  2344 | D:4      | Reached XP level 6. HP: 47/54 MP: 5/5
  2704 | D:4      | Reached skill level 4 in Unarmed Combat
  3127 | D:5      | Entered Level 5 of the Dungeon
  3131 | D:5      | Reached XP level 7. HP: 47/60 MP: 6/6
  3399 | D:5      | Reached skill level 5 in Unarmed Combat
  3623 | D:5      | Reached *** piety under Hepliaklqana
  3816 | D:6      | Remembered your ancestor Kendra as a hexer
  3997 | D:6      | Found Zuwoaf's Food Emporium.
  4034 | D:6      | Got a warped ivory ring
  4044 | D:6      | Reached skill level 6 in Unarmed Combat
  4063 | D:6      | Noticed Blork the orc
  4070 | D:6      | Killed Blork the orc
  4070 | D:6      | Reached skill level 1 in Stealth
  4070 | D:6      | Reached XP level 8. HP: 42/70 MP: 7/7
  4079 | D:6      | Identified the ring "Osydoj" {*Contam rC+ SInv Stlth+} (You
                  | found it on level 6 of the Dungeon)
  4365 | D:7      | Reached skill level 5 in Dodging
  4573 | D:7      | Reached skill level 7 in Unarmed Combat
  4585 | D:7      | Found an iron altar of Okawaru.
  4662 | D:7      | Found a shimmering altar of Xom.
  4765 | D:7      | Found a runed translucent door.
  4815 | D:7      | Reached **** piety under Hepliaklqana
  4846 | D:7      | Found a staircase to the Ecumenical Temple.
  4870 | Temple   | Entered the Ecumenical Temple
  5129 | D:7      | Noticed Wuag's ghost (novice DsAK)
  5306 | D:8      | Reached XP level 9. HP: 62/76 MP: 8/8
  5307 | D:8      | Found a blossoming altar of Fedhas.
  5318 | D:8      | Found a sparkling altar of Nemelex Xobeh.
  5333 | D:8      | Found a runed translucent gate.
  5333 | D:8      | Found a runed translucent gate.
  5343 | D:8      | Found a runed translucent gate.
  5389 | D:8      | Found a burning altar of Makhleb.
  5465 | D:8      | Reached skill level 8 in Unarmed Combat
  5470 | D:8      | Reached skill level 5 in Fighting
  5567 | D:8      | Found a basalt altar of Yredelemnul.
  5599 | D:8      | Found a sacrificial altar of Ru.
  5790 | D:8      | Noticed robertstho's ghost (novice TrMo)
  5804 | D:8      | Killed robertstho's ghost
  5873 | D:9      | Reached skill level 9 in Unarmed Combat
  6026 | D:9      | Found a bloodstained altar of Trog.
  6161 | D:9      | Reached XP level 10. HP: 88/88 MP: 9/9
  6182 | D:9      | Noticed Maurice
  6192 | D:9      | Killed Maurice
  6465 | D:9      | Found a runed translucent gate.
  6465 | D:9      | Found a runed translucent gate.
  6465 | D:9      | Found a runed translucent gate.
  6466 | D:9      | Noticed Zdeegee's ghost (novice CeGl)
  6466 | D:9      | Noticed a ten-headed hydra
  6510 | D:9      | Found a staircase to the Lair.
  6650 | D:9      | Slain by an 11-headed hydra

Levels and vault maps discovered:
D:1:      co_arrival_square_in_a_square_in_a_square, layout_loops_ring
D:2:      kennysheep_big_flooded_room, layout_loops_ring, old_standard_altar
D:3:      layout_loops_corners, nicolae_overflow_hidden_temple,
          lemuel_doored_altar, first_ration
D:4:      layout_loops_corners, kennysheep_potato
D:5:      layout_basic, minmay_strange_pillars
D:6:      layout_basic, serial_shops, shop, grunt_decor_cap, uniq_blork_the_orc
D:7:      layout_loops_ring, okawaru_trees_2, nicolae_overflow_crystal_walls,
          temple_hall, ebering_ghost_inner_flame, minivault_26
D:8:      layout_cave_pools, lightli_temple_of_fire,
          chequers_temple_overflow_statue_of_worship, ebering_ghost_rock_garden,
          nicolae_ru_sacrificial_ziggurat
D:9:      layout_loops_cross, trog_ov_bears_minmay, lair_entry_dummy,
          gammafunk_ghost_hydra_chop, uniq_maurice
Temple:   minmay_temple_bridge_abc

Skill      XL: |  1  2  3  4  5  6  7  8  9 |
---------------+----------------------------+-----
Dodging        | 3 4 5 6 |  6.6
Fighting       | 3 4 5 |  5.9
Unarmed Combat | 3 4 6 7 9 |  9.8
Shields        | 3 4 |  4.9
Stealth        | 1 2 |  2.7

Action                   |  1- 3 |  4- 6 |  7- 9 | 10-12 || total
-------------------------+-------+-------+-------+-------++-------
Melee: Unarmed           |   130 |    86 |   314 |   100 ||   630
Invok: Ancestor Life: He |       |       |     1 |       ||     1
  Use: Scroll            |     1 |       |     4 |       ||     5
       Potion            |       |       |     4 |       ||     4
 Stab: Sleeping          |       |       |     6 |     1 ||     7
       Confused          |       |       |     2 |       ||     2
       Distracted        |       |       |       |     2 ||     2
  Eat: Chunk             |    21 |    10 |    34 |     5 ||    70
Armor: Robe              |    45 |    18 |    59 |    17 ||   139
Dodge: Dodged            |    44 |    26 |    87 |    39 ||   196
Block: Kite shield       |    58 |    24 |   121 |    37 ||   240

Table legend:
 A = Non-vault XP
 B = Vault XP
 C = Vault XP percentage of total XP
 D = Non-vault monster count
 E = Vault monster count
 F = Vault count percentage of total count
                 A         B        C        D         E       F
            +---------+---------+-------+---------+---------+-------
      Total |    5614 |    1785 |  24.1 |     209 |       9 |   4.1
            +---------+---------+-------+---------+---------+-------
        D:1 |      35 |       0 |   0.0 |      20 |       0 |   0.0
        D:2 |      37 |       2 |   5.1 |      18 |       1 |   5.3
        D:3 |      45 |       0 |   0.0 |      17 |       0 |   0.0
        D:4 |     342 |     151 |  30.6 |      19 |       3 |  13.6
        D:5 |     446 |       0 |   0.0 |      13 |       0 |   0.0
        D:6 |     755 |      91 |  10.8 |      21 |       1 |   4.5
        D:7 |     596 |       0 |   0.0 |      28 |       0 |   0.0
        D:8 |    1244 |     815 |  39.6 |      25 |       1 |   3.8
        D:9 |    2114 |     726 |  25.6 |      48 |       3 |   5.9
            +---------+---------+-------+---------+---------+-------
